Workbook

Sheet Assumptions
A1: Financial Projection Calculator
A2: This is a simplified calculator.Use it to keep track of your revenue and expenses
A3: Formula for calculation of tax is not included because it is variable
A5: Currency Symbol | B5: $
A6: Corporate Tax Rate | B6: 0.2
A7: Variable Cost % of Revenue | B7: 0.3
A9: Notes
A10: • Edit values in blue cells on other sheets; formulas will update automatically.

Sheet Revenue
A1: Revenue Model
A2: Item | B2: Unit Price | C2: Jan | D2: Feb | E2: Mar | F2: Apr | G2: May | H2: Jun | I2: Jul | J2: Aug | K2: Sep | L2: Oct | M2: Nov | N2: Dec
A3: Product / Service A | B3: 100
A4: Product / Service B | B4: 250
A5: Product / Service C | B5: 500
A6: Total Revenue | C6: =SUM(C3:C5) -> 0 | D6: =SUM(D3:D5) -> 0 | E6: =SUM(E3:E5) -> 0 | F6: =SUM(F3:F5) -> 0 | G6: =SUM(G3:G5) -> 0 | H6: =SUM(H3:H5) -> 0 | I6: =SUM(I3:I5) -> 0 | J6: =SUM(J3:J5) -> 0 | ... N6: =SUM(N3:N5) -> 0
A7: Enter monthly units sold per item or payment for services (blue)

Sheet Expenses
A1: Expenses Model
A2: For illustration
A3: Add other expenses specific to your business
A5: Expense | B5: Monthly Amount | C5: Jan | D5: Feb | E5: Mar | F5: Apr | G5: May | H5: Jun | I5: Jul | J5: Aug | K5: Sep | L5: Oct | M5: Nov | N5: Dec
A6: Rent / Lease | B6: 2000 | C6: =$B6 -> 2000 | D6: =$B6 -> 2000 | E6: =$B6 -> 2000 | F6: =$B6 -> 2000 | G6: =$B6 -> 2000 | H6: =$B6 -> 2000 | I6: =$B6 -> 2000 | J6: =$B6 -> 2000 | ... N6: =$B6 -> 2000
A7: Salaries & Wages | B7: 8000 | C7: =$B7 -> 8000 | D7: =$B7 -> 8000 | E7: =$B7 -> 8000 | F7: =$B7 -> 8000 | G7: =$B7 -> 8000 | H7: =$B7 -> 8000 | I7: =$B7 -> 8000 | J7: =$B7 -> 8000 | ... N7: =$B7 -> 8000
A8: Utilities | B8: 600 | C8: =$B8 -> 600 | D8: =$B8 -> 600 | E8: =$B8 -> 600 | F8: =$B8 -> 600 | G8: =$B8 -> 600 | H8: =$B8 -> 600 | I8: =$B8 -> 600 | J8: =$B8 -> 600 | ... N8: =$B8 -> 600
A9: Insurance | B9: 400 | C9: =$B9 -> 400 | D9: =$B9 -> 400 | E9: =$B9 -> 400 | F9: =$B9 -> 400 | G9: =$B9 -> 400 | H9: =$B9 -> 400 | I9: =$B9 -> 400 | J9: =$B9 -> 400 | ... N9: =$B9 -> 400
A10: Marketing | B10: 1500 | C10: =$B10 -> 1500 | D10: =$B10 -> 1500 | E10: =$B10 -> 1500 | F10: =$B10 -> 1500 | G10: =$B10 -> 1500 | H10: =$B10 -> 1500 | I10: =$B10 -> 1500 | J10: =$B10 -> 1500 | ... N10: =$B10 -> 1500
A11: Software / Subscriptions | B11: 300 | C11: =$B11 -> 300 | D11: =$B11 -> 300 | E11: =$B11 -> 300 | F11: =$B11 -> 300 | G11: =$B11 -> 300 | H11: =$B11 -> 300 | I11: =$B11 -> 300 | J11: =$B11 -> 300 | ... N11: =$B11 -> 300
A12: Other Fixed Expenses | B12: 500 | C12: =$B12 -> 500 | D12: =$B12 -> 500 | E12: =$B12 -> 500 | F12: =$B12 -> 500 | G12: =$B12 -> 500 | H12: =$B12 -> 500 | I12: =$B12 -> 500 | J12: =$B12 -> 500 | ... N12: =$B12 -> 500
A14: Variable Costs (% of Revenue) | B14: Linked to Assumptions!B5 | C14: =Assumptions!$B$7*Revenue!C6 -> 0 | D14: =Assumptions!$B$7*Revenue!D6 -> 0 | E14: =Assumptions!$B$7*Revenue!E6 -> 0 | F14: =Assumptions!$B$7*Revenue!F6 -> 0 | G14: =Assumptions!$B$7*Revenue!G6 -> 0 | H14: =Assumptions!$B$7*Revenue!H6 -> 0 | I14: =Assumptions!$B$7*Revenue!I6 -> 0 | J14: =Assumptions!$B$7*Revenue!J6 -> 0 | ... N14: =Assumptions!$B$7*Revenue!N6 -> 0
A15: Total Expenses | C15: =SUM(C6:C12)+C14 -> 13300 | D15: =SUM(D6:D12)+D14 -> 13300 | E15: =SUM(E6:E12)+E14 -> 13300 | F15: =SUM(F6:F12)+F14 -> 13300 | G15: =SUM(G6:G12)+G14 -> 13300 | H15: =SUM(H6:H12)+H14 -> 13300 | I15: =SUM(I6:I12)+I14 -> 13300 | J15: =SUM(J6:J12)+J14 -> 13300 | ... N15: =SUM(N6:N12)+N14 -> 13300

Sheet Summary
A1: 12-Month Summary
A2: For illustration purpose
B3: Jan | C3: Feb | D3: Mar | E3: Apr | F3: May | G3: Jun | H3: Jul | I3: Aug | J3: Sep | K3: Oct | L3: Nov | M3: Dec
A4: Total Revenue | B4: =Revenue!C6 -> 0 | C4: =Revenue!D6 -> 0 | D4: =Revenue!E6 -> 0 | E4: =Revenue!F6 -> 0 | F4: =Revenue!G6 -> 0 | G4: =Revenue!H6 -> 0 | H4: =Revenue!I6 -> 0 | I4: =Revenue!J6 -> 0 | ... M4: =Revenue!N6 -> 0
A5: Total Expenses | B5: =Expenses!C15 -> 13300 | C5: =Expenses!D15 -> 13300 | D5: =Expenses!E15 -> 13300 | E5: =Expenses!F15 -> 13300 | F5: =Expenses!G15 -> 13300 | G5: =Expenses!H15 -> 13300 | H5: =Expenses!I15 -> 13300 | I5: =Expenses!J15 -> 13300 | ... M5: =Expenses!N15 -> 13300
A6: Gross Profit | B6: =B4+B4-B5 -> -13300 | C6: =B4+C4-C5 -> -13300 | D6: =B4+D4-D5 -> -13300 | E6: =B4+E4-E5 -> -13300 | F6: =B4+F4-F5 -> -13300 | G6: =B4+G4-G5 -> -13300 | H6: =B4+H4-H5 -> -13300 | I6: =B4+I4-I5 -> -13300 | J6: =B4+J4-J5 -> -13300 | K6: =B4+K4-K5 -> -13300 | L6: =B4+L4-L5 -> -13300 | M6: =B4+M4-M5 -> -13300
A7: Tax | B7: 0 | C7: 0 | D7: 0 | E7: 0 | F7: 0 | G7: 0 | H7: 0 | I7: 0 | J7: 0 | K7: 0 | L7: 0 | M7: 0
A8: Net Profit | B8: =B6-B7 -> -13300 | C8: =C6-C7 -> -13300 | D8: =D6-D7 -> -13300 | E8: =E6-E7 -> -13300 | F8: =F6-F7 -> -13300 | G8: =G6-G7 -> -13300 | H8: =H6-H7 -> -13300 | I8: =I6-I7 -> -13300 | ... M8: =M6-M7 -> -13300
A10: Annual Totals
A11: Revenue | B11: =SUM(B4:M4) -> 0
A12: Expenses | B12: =SUM(B5:M5) -> 159600
A13: Gross Profit | B13: =SUM(B6:M6) -> -159600
A14: Tax | B14: =SUM(B7:M7) -> 0
A15: Net Profit | B15: =SUM(B8:M8) -> -159600
A17: Breakeven Analysis
A18: Fixed Expenses / Month | B18: =SUM(Expenses!C6:C12) -> 13300
A19: Variable Cost % of Revenue | B19: =Assumptions!$B$7 -> 0.3
A20: Contribution Margin | B20: =1-B19 -> 0.7
A21: Breakeven Revenue / Month | B21: =IF(B20=0,0,B18/B20) -> 19000
A23: Notes:
A24: • Edit Unit Price and monthly Units in Revenue. Edit fixed costs in Expenses.
A25: • Change tax rate and variable cost % on the Assumptions sheet.
